 Dungeon Crawl Stone Soup version 0.31-a0-486-g8d68a81214 (webtiles) character file.

Game seed: 7097351370026066151

35 CraigForest the Changeling (level 3, -4/25 (26) HPs)
             Began as a Merfolk Shapeshifter on Aug 7, 2023.
             Slain by Crazy Yiuf
             ... wielding a +2 quarterstaff of chaos
              (9 damage)
             ... on level 2 of the Dungeon.
             The game lasted 00:02:49 (1073 turns).

CraigForest the Changeling (Merfolk Shapeshifter)   Turns: 1073, Time: 00:02:50

HP:   -4/25 (26)    AC:  6    Str: 17    XL:     3   Next: 35%
MP:   3/3           EV: 10    Int:  7    God:
Gold: 31            SH:  0    Dex: 14    Spells: 2/2 levels left

rFire   . .          .
                       - Unarmed
rCold   . . .        (no shield)
rNeg    . . .        n - +0 scale mail
rPois   .            (helmet currently unavailable)
rElec   .            (cloak currently unavailable)
rCorr   .            (gloves currently unavailable)
SInv    .            (boots currently unavailable)
Will    .....        (no amulet) Stlth
                     i - ring of flight
HPRegen 0.24/turn    (no ring)
MPRegen 0.08/turn

%: no passive effects
@: lethally poisoned (-4 -> -11), beast-form, flying, lightly drained
A: beast (slay +3), (nimble swimmer 2), mertail
a: Begin Untransformation


You were on level 2 of the Dungeon.
You were a hulking beast.
You visited 1 branch of the dungeon, and saw 2 of its levels.

You collected 31 gold pieces.

Inventory:

Missiles
 e - 11 poisoned darts
Armour
 a - a +0 animal skin
 f - a +0 ring mail
 m - a +0 pair of boots
 n - a +0 scale mail (worn)
Jewellery
 i - a ring of flight (left hand)
Talismans
 c - a beast talisman (active)
Scrolls
 h - a scroll of vulnerability {unknown}
 k - a scroll of brand weapon {unknown}
 o - a scroll of blinking {unknown}
 p - a scroll of fear {unknown}
Potions
 b - a potion of lignification
 d - a potion of haste
 j - a potion of heal wounds
 l - a potion of curing
 q - a potion of attraction


   Skills:
 + Level 1.1 Fighting
 + Level 0.1 Armour
 + Level 3.0 Dodging
 + Level 0.6 Stealth
 + Level 3.7 Unarmed Combat
 + Level 4.7 Shapeshifting


You had 2 spell levels left.
You didn't know any spells.
Your spell library was empty.

Dungeon Overview and Level Annotations

Branches:
Dungeon (2/15)

Altars:
Yredelemnul

Annotations:
D:2 Crazy Yiuf


Innate Abilities, Weirdness & Mutations

You are a hulking beast.
Your limbs bulge with bestial killing power. (Slay +3)
((You are very nimble when in or above water. (Stealth+, EV+, Speed+++)))
Your lower body shifts to a powerful aquatic tail in water.


Message History

No target in view!
No target in view!
No target in view!
No target in view!
No target in view!
No target in view!
No target in view!
No target in view!
No target in view!
g - 4 scrolls labelled ICISHU SAORU (gained 1)
p - a scroll labelled XYBLIQ ASMIGA
q - an emerald potion
As you read the scroll labelled ICISHU SAORU, it crumbles to dust.
It is a scroll of identify.
d - a potion of haste
As you read the scroll of identify, it crumbles to dust.
j - a potion of heal wounds
As you read the scroll of identify, it crumbles to dust.
l - a potion of curing
As you read the scroll of identify, it crumbles to dust.
q - a potion of attraction
Found a hammer.
Found a runed translucent door.
Crazy Yiuf shouts!
Crazy Yiuf says, "Powder pizzabubble action!"
You reach down and open the door.
Crazy Yiuf waves his quarterstaff at you.
You barely miss Crazy Yiuf. Crazy Yiuf barely misses you.
You closely miss Crazy Yiuf.
Crazy Yiuf hits you with a +2 quarterstaff of chaos!
You feel drained.
You closely miss Crazy Yiuf. Crazy Yiuf barely misses you.
You hit Crazy Yiuf but do no damage.
Crazy Yiuf hits you with a +2 quarterstaff of chaos.
You are lethally poisoned!
You hit Crazy Yiuf.
Crazy Yiuf is moderately wounded.
* * * LOW HITPOINT WARNING * * *
You feel very sick.
Crazy Yiuf hits you with a +2 quarterstaff of chaos!
You die...

♣♣♣♣♣## ### ♣♣♣.♣...###
#...#♣..♣......#######
#...gh♣♣♣♣............
#)..#♣♣ ♣♣..#.#####.#
### ♣♣##........
#..)###.. ###.###..
#########...... #.
#.#.#.......#..
##..#####.#.#.##..#.#..
.......................


You could see Crazy Yiuf.

Vanquished Creatures
  An adder (D:2)
  A dart slug (D:2)
  4 ball pythons (D:1)
  An endoplasm (D:1)
  A giant cockroach (D:2)
  5 goblins
  3 hobgoblins
  A quokka (D:1)
  3 bats
  A kobold (D:1)
  2 rats
23 creatures vanquished.

Notes
Turn   | Place    | Note
-------+----------+-------------------------------------------
     0 | D:1      | CraigForest the Merfolk Shapeshifter began the quest for
                  | the Orb.
     0 | D:1      | Reached XP level 1. HP: 15/15 MP: 1/1
   313 | D:1      | Reached XP level 2. HP: 21/21 MP: 2/2
   896 | D:2      | Reached XP level 3. HP: 19/26 MP: 3/3
   908 | D:2      | Found a basalt altar of Yredelemnul.
  1064 | D:2      | Found a runed translucent door.
  1065 | D:2      | Noticed Crazy Yiuf
  1073 | D:2      | Slain by Crazy Yiuf

Illustrated notes

Levels and vault maps discovered:
D:1:      dpeg_arrival_orchard, layout_basic, grunt_decor_fettered,
          chequers_serial_rivers_room_a
D:2:      layout_loops_ring, basic_altar, uniq_crazy_yiuf_cottage

Skill      XL: |  1  2  3 |
---------------+----------+-----
Dodging        | 3 |  3.0
Fighting       | |  1.1
Armour         | |  0.1
Stealth        | |  0.6
Unarmed Combat | |  3.7
Shapeshifting  | |  4.7

Action                     || total
---------------------------++-------
  Melee: Unarmed           ||    52
         Punch             ||     1
    Use: Scroll            ||     4
   Stab: Sleeping          ||     1
 Armour: Ring mail         ||     9
         Scale mail        ||     7
  Dodge: Dodged            ||    25

Table legend: (Time is in decaauts)
 A = Elapsed time spent in this place.
 B = Non-inter-level travel time spent in this place.
 C = Inter-level travel time spent in this place.
 D = Time resting spent in this place.
 E = Time spent auto-exploring this place.
 F = Levels seen in this place.
 G = Mean time per level.
                   A        B        C        D        E       F      G
               +--------+--------+--------+--------+--------+-----+--------+
         Total |   1068 |   1057 |     11 |      0 |    848 |   2 |  534.0 |
       Dungeon |   1068 |   1057 |     11 |      0 |    848 |   2 |  534.0 |
               +--------+--------+--------+--------+--------+-----+--------+

Top non-repeatable levels by time:
     D:1: 888 daAuts
     D:2: 180 daAuts
